 Dungeon Sprint DCSS version 0.30-a0-219-gf2db51d15e (webtiles) character file.

Game seed: 11403878890949725016

935 rocky1 the Destroyer (level 7, -3/50 HPs)
             Began as a Grey Draconian Conjurer on Oct 7, 2022.
             Was a High Priest of Sif Muna.
             Slain by a wolf spider (16 damage)
             ... in the Dungeon (Sprint VII: "The Pits").
             The game lasted 00:06:46 (1193 turns).

rocky1 the Destroyer (Grey Draconian Conjurer)      Turns: 1193, Time: 00:06:47

Health: -3/50      AC: 12    Str: 10    XL:     7   Next: 87%
Magic:  13/19      EV: 12    Int: 20    God:    Sif Muna [*****.]
Gold:   0          SH:  0    Dex:  9    Spells: 13/24 levels left

rFire   . . .      SeeInvis .    o - +4 quarterstaff (speed)
rCold   . . .      Faith    .    (shield currently unavailable)
rNeg    . . .      Spirit   .    (body armour unavailable)
rPois   .          Reflect  .    (helmet restricted)
rElec   .          Harm     .    (no cloak)
rCorr   .          Rampage  .    m - +0 pair of gloves
Will    .....      NoTele   +    (no boots)
Stlth   ++........               (no amulet)
HPRegen 0.28/turn                (no ring)
MPRegen 0.16/turn                (no ring)

@: no status effects
A: AC +11, amphibious, unfitting armour, cold-blooded
a: Renounce Religion, Channel Magic, Forget Spell, Divine Exegesis


You were in the Dungeon.
You worshipped Sif Muna.
Sif Muna was extremely pleased with you.
You visited 1 branch

Inventory:

Hand Weapons
 j - a +2 trident
 n - a +2 halberd of protection
 o - a +4 quarterstaff of speed (weapon)
Armour
 m - a +0 pair of gloves (worn)
Jewellery
 k - a +3 ring of protection
 l - a +3 ring of dexterity
Scrolls
 f - a scroll of blinking
 h - 5 scrolls of amnesia
 i - a scroll of summoning
Potions
 a - 5 potions of magic
 b - 5 potions of curing
 c - 14 potions of heal wounds
 d - 3 potions of haste
 e - 5 potions of berserk rage
 g - 2 potions of invisibility


   Skills:
 - Level 0.2 Fighting
 - Level 0.4 Polearms
 - Level 1.7 Dodging
 - Level 1.7 Stealth
 + Level 9.0 Spellcasting
 + Level 14.7 Conjurations


You had 13 spell levels left.
You knew the following spells:

 Your Spells              Type           Power      Damage    Failure   Level
a - Magic Dart            Conj           100%       1d8       1%          1
b - Searing Ray           Conj           100%       2d8       1%          2
c - Iskenderun's Mystic   Conj/Tloc      38%        2d9       3%          4
d - Fulminant Prism       Conj/Hex       19%        3d11      3%          4

Your spell library contained the following spells:

 Spells                   Type           Power      Damage    Failure   Level
 Dazzling Flash           Conj/Hex       76%        N/A       1%          3
 Sting                    Tmut/Pois      36%        1d4       8%          1
 Summon Guardian Golem    Hex/Summ       9%         N/A       22%         3
 Summon Cactus Giant      Summ           4%         N/A       100%        6
 Haunt                    Necr/Summ      4%         N/A       100%        7
 Summon Horrible Things   Summ           4%         N/A       100%        8


Dungeon Overview and Level Annotations

Branches:
Dungeon (1/1)

Altars:
Ashenzari
Cheibriados
Dithmenos
Elyvilon
Fedhas
Gozag
Hepliaklqana
Kikubaaqudgha
Makhleb
Nemelex Xobeh
Okawaru
Qazlal
Ru
Sif Muna
Trog
Uskayaw
Vehumet
Wu Jian
Xom
Yredelemnul
Zin
The Shining One
Jiyva
Lugonu


Innate Abilities, Weirdness & Mutations

Your dull iron-grey scales are very hard. (AC +11)
You are amphibious.
You cannot fit into any form of body armour.
You are cold-blooded and may be slowed by cold attacks.


Message History

There is a huge open gate to the Metal Vault (Medium) here.
Okay, then.
You open the large door.
A wolf spider comes into view.
Aiming: Magic Dart (safe; 1% risk of failure)
Press: ? - help, Q - select action, (/) - cycle Shift-Dir - straight line, f - wolf spider
Aim: a wolf spider (asleep, 100% to hit)
The magic dart hits the wolf spider!
The wolf spider is lightly wounded.
Unknown command.
Aiming: Magic Dart (safe; 1% risk of failure)
Press: ? - help, Q - select action, (/) - cycle Shift-Dir - straight line, f/p - wolf spider
Aim: a wolf spider (lightly wounded, 100% to hit)
The magic dart hits the wolf spider but does no damage.
The wolf spider is lightly wounded.
Unknown command.
Casting: Magic Dart (safe; 1% risk of failure)
Confirm with . or Enter, or press ? or * to list all spells.
Aiming: Searing Ray (safe; 1% risk of failure)
Press: ? - help, Shift-Dir - straight line, f/p - wolf spider
Aim: a wolf spider (lightly wounded, 83% to hit)
The searing ray hits the wolf spider!
The wolf spider is moderately wounded. (Press . to maintain the ray.) Unknown command.
The searing ray hits the wolf spider!
The wolf spider is heavily wounded.
The wolf spider hits you! The wolf spider barely misses you.
The wolf spider hits you!
The wolf spider bites you but does no damage.
The searing ray hits the wolf spider!
The wolf spider is severely wounded.
The wolf spider misses you. The wolf spider closely misses you.
The searing ray hits the wolf spider!
The wolf spider is severely wounded.
You finish channelling your searing ray.
The wolf spider hits you. The wolf spider bites you.
* * * LOW HITPOINT WARNING * * *
The wolf spider hits you!
You die...

)))'.##......#..#......#
####.##................+
.....)'................+
#'#####......#..#......#
...'.##................#
...#.#####'#####''######
####.##.......##''#####
...#÷##.......##......+
)..÷.##.......##@.....+
#######...<...##s....##
.)))[##.......##...###
.)))[##.......##..##
#######.......##''#
..#..###########....
..#.############++#...
#.#÷#....#...[# #....
..#'#....#..[[# ##..


You could see a wolf spider.

Vanquished Creatures
  An orange demon (D)
  An acid dragon (D)
  A centaur (D)
  2 phantoms (D)
  Blork the orc (D)
  A necrophage (D)
  2 crimson imps (D)
  An iguana (D)
  An orc wizard (D)
  2 adders (D)
  A gnoll (D)
  A river rat (D)
  An adder zombie (D)
  2 endoplasms (D)
  2 goblins (D)
  2 jackals (D)
  A bat (D)
  A kobold (D)
  2 rats (D)
26 creatures vanquished.

Notes
Turn   | Place    | Note
-------+----------+-------------------------------------------
     0 | D        | rocky1 the Draconian Conjurer began the quest for the Orb.
     0 | D        | Reached XP level 1. HP: 14/14 MP: 3/3
    19 | D        | Found a bloodstained altar of Trog.
    19 | D        | Found a shimmering blue altar of Sif Muna.
    19 | D        | Found a viscous altar of Jiyva.
    19 | D        | Found a hazy altar of Hepliaklqana.
    19 | D        | Found an opulent altar of Gozag.
    20 | D        | Found a glowing golden altar of the Shining One.
    20 | D        | Found a glowing silver altar of Zin.
    20 | D        | Found a basalt altar of Yredelemnul.
    20 | D        | Found a shimmering altar of Xom.
    20 | D        | Found an ornate altar of the Wu Jian Council.
    20 | D        | Found a sacrificial altar of Ru.
    20 | D        | Found a stormy altar of Qazlal.
    20 | D        | Found an iron altar of Okawaru.
    20 | D        | Found a sparkling altar of Nemelex Xobeh.
    20 | D        | Found a burning altar of Makhleb.
    20 | D        | Found a blossoming altar of Fedhas.
    20 | D        | Found a white marble altar of Elyvilon.
    20 | D        | Found a shadowy altar of Dithmenos.
    20 | D        | Found a snail-covered altar of Cheibriados.
    22 | D        | Found a radiant altar of Vehumet.
    22 | D        | Found a corrupted altar of Lugonu.
    23 | D        | Found a hide-covered altar of Uskayaw.
    23 | D        | Found an ancient bone altar of Kikubaaqudgha.
    23 | D        | Found a broken altar of Ashenzari.
    25 | D        | Became a worshipper of Sif Muna the Loreminder
    89 | D        | Reached skill level 6 in Conjurations
    89 | D        | Reached XP level 2. HP: 15/20 MP: 0/5
   155 | D        | Reached * piety under Sif Muna
   201 | D        | Reached ** piety under Sif Muna
   202 | D        | Reached skill level 7 in Conjurations
   205 | D        | Reached XP level 3. HP: 21/26 MP: 0/6
   262 | D        | Noticed a phantom
   285 | D        | Killed a phantom
   286 | D        | Reached skill level 10 in Conjurations
   286 | D        | Reached XP level 4. HP: 14/33 MP: 0/7
   406 | D        | Noticed Blork the orc
   409 | D        | Reached *** piety under Sif Muna
   415 | D        | Learned a level 2 spell: Searing Ray
   419 | D        | Killed Blork the orc
   420 | D        | Reached skill level 11 in Conjurations
   420 | D        | Reached XP level 5. HP: 21/38 MP: 0/8
   495 | D        | Learned a level 4 spell: Iskenderun's Mystic Blast
   502 | D        | Noticed a centaur
   508 | D        | Killed a centaur
   509 | D        | Reached skill level 12 in Conjurations
   513 | D        | Reached **** piety under Sif Muna
   514 | D        | Reached skill level 5 in Spellcasting
   514 | D        | Reached XP level 6. HP: 29/45 MP: 1/13
   625 | D        | Learned a level 4 spell: Fulminant Prism
   778 | D        | Reached ***** piety under Sif Muna
   778 | D        | Received a gift from Sif Muna
   779 | D        | Reached skill level 13 in Conjurations
   779 | D        | Got Sif Muna's Handbook of Creative Transmutation {god
                  | gift}
   819 | D        | Noticed an orange demon
   829 | D        | Killed an orange demon
   830 | D        | Reached skill level 14 in Conjurations
   830 | D        | Your scales start taking on a dull iron-grey colour.
   830 | D        | Reached XP level 7. HP: 20/50 MP: 7/19
  1184 | D        | Noticed a wolf spider
  1193 | D        | Slain by a wolf spider

Illustrated notes

Levels and vault maps discovered:
D:        pitsprint [storerooms_1, entrance_room_1, metal_vault_4, armoury_2,
          mini_pit_1, grid_room_1, main_hall_1, silver_pit, the_coven_2,
          the_vestibule_1, steel_vault_1, golden_pit, hallway_of_sentries,
          crystal_vault_4, iron_vault_2, final_vault]

Skill      XL: |  1  2  3  4  5  6  7 |
---------------+----------------------+-----
Conjurations   | 6 7 10 11 12 14 | 14.7
Spellcasting   | 5 8 9 |  9.0
Fighting       | |  0.2
Polearms       | |  0.4
Dodging        | |  1.7
Stealth        | |  1.7

Action                   |  1- 3 |  4- 6 |  7- 9 || total
-------------------------+-------+-------+-------++-------
Melee: Trident           |    23 |    10 |       ||    33
       Punch             |     1 |       |       ||     1
       Tailslap          |     3 |     3 |     2 ||     8
       Quarterstaff      |       |       |    20 ||    20
 Cast: Magic Dart        |    22 |    12 |     7 ||    41
       Searing Ray       |       |     6 |     3 ||     9
  Use: Potion            |     1 |       |       ||     1
 Stab: Sleeping          |     1 |     2 |       ||     3
Armor: Skin              |     9 |    10 |    13 ||    32
Dodge: Dodged            |    22 |    13 |    11 ||    46

Table legend: (Time is in decaauts)
 A = Elapsed time spent in this place.
 B = Non-inter-level travel time spent in this place.
 C = Inter-level travel time spent in this place.
 D = Time resting spent in this place.
 E = Time spent auto-exploring this place.
 F = Levels seen in this place.
 G = Mean time per level.
                   A        B        C        D        E       F      G
               +--------+--------+--------+--------+--------+-----+--------+
         Total |   1198 |   1133 |     65 |    726 |      0 |   1 | 1198.0 |
       Dungeon |   1198 |   1133 |     65 |    726 |      0 |   1 | 1198.0 |
               +--------+--------+--------+--------+--------+-----+--------+

Top non-repeatable levels by time:
       D: 1198 daAuts
